 Dungeon Crawl Stone Soup version 0.23-a0-644-gb60d84b (webtiles) character file.

409 Borgoz the Chopper (level 6, 0/56 HPs)
             Began as a Hill Orc Abyssal Knight on Jan 1, 2019.
             Was a Believer of Lugonu.
             Killed from afar by Blork the orc (7 damage)
             ... with a magic dart
             ... on level 5 of the Dungeon.
             The game lasted 00:07:04 (4489 turns).

Borgoz the Chopper (Hill Orc Abyssal Knight)        Turns: 4489, Time: 00:07:04

Health: 0/56       AC:  3    Str: 15    XL:     6   Next: 89%
Magic:  0/7        EV: 12    Int: 12    God:    Lugonu [**....]
Gold:   211        SH:  0    Dex: 12    Spells: 5/5 levels left

rFire    . . .     SeeInvis .   a - +2 war axe (chop)
rCold    . . .     Gourm    .   (no shield)
rNeg     . . .     Faith    .   i - +0 leather armour
rPois    .         Spirit   +   (no helmet)
rElec    .         Reflect  .   k - scarf {Spirit}
rCorr    .         Harm     .   (no gloves)
MR       .....     Rnd*Tele +   (no boots)
Stlth    +.........             F - amulet of inaccuracy (curse)
HPRegen  0.18/turn              e - ring of wizardry
MPRegen  0.10/turn              z - ring of teleportation (curse)

@: no status effects
A: no striking features
a: Depart the Abyss, Bend Space, Renounce Religion


You were on level 5 of the Dungeon.
You worshipped Lugonu.
Lugonu was pleased with you.
You were not hungry.

You visited 2 branches of the dungeon, and saw 6 of its levels.
You visited the Abyss 1 time.

You collected 211 gold pieces.

Inventory:

Hand Weapons
 a - a +2 war axe of chopping (weapon)
 b - a +2 mace of protection
 D - a +2 hand axe of flaming
Missiles
 y - a throwing net (quivered)
Armour
 i - a +0 leather armour (worn)
 k - a scarf of spirit shield (worn)
Jewellery
 e - a ring of wizardry (left hand)
 g - an uncursed amulet of regeneration
 q - an uncursed amulet of magic regeneration
 z - a cursed ring of teleportation (right hand)
 A - the amulet of Vitality {Regen+ HP+15}
   (You found it on level 4 of the Dungeon)

   [amulet of regeneration]

   It affects your health (+15).
   It increases your rate of regeneration.
 F - a cursed amulet of inaccuracy (around neck)
Wands
 G - a wand of paralysis (4)
Scrolls
 d - 2 scrolls of fog
 f - 3 scrolls of remove curse
 j - a scroll of enchant armour {unknown}
 n - a scroll of enchant weapon {unknown}
 o - a scroll of fear {unknown}
 p - a scroll of teleportation {unknown}
 r - 2 scrolls of identify {unknown}
 s - a scroll of immolation {unknown}
 w - a scroll of blinking {unknown}
 B - a scroll of amnesia {unknown}
Potions
 h - 3 potions of degeneration {unknown}
 l - 2 potions of brilliance {unknown}
 m - 3 potions of flight {unknown}
 t - 3 potions of curing {unknown}
 u - a potion of haste {unknown}
 v - a potion of mutation {unknown}
 x - 2 potions of magic {unknown}
 C - a potion of invisibility {unknown}
Comestibles
 c - 13 rations


   Skills:
 + Level 5.2 Fighting
 + Level 6.5 Axes
 + Level 4.1 Armour
 + Level 1.7 Dodging
 + Level 2.5 Invocations


You had 5 spell levels left.
You didn't know any spells.
Your spell library was empty.

Dungeon Overview and Level Annotations

Branches:
Dungeon (5/15)             Temple (1/1) D:4

Altars:
Ashenzari
Cheibriados
Elyvilon
Fedhas
Hepliaklqana
Kikubaaqudgha
Makhleb
Nemelex Xobeh
Okawaru
Qazlal
Sif Muna
Trog
Uskayaw
Vehumet
Wu Jian
Xom
Yredelemnul
Zin
The Shining One

Annotations:
D:5 Blork the orc


Message History

Blork the orc gestures at you while chanting.
The magic dart hits you!
Blork the orc points at you and mumbles some strange words.
The puff of flame hits you!
You barely miss Blork the orc.
Blork the orc is severely wounded.
Blork the orc closely misses you.
You hit Blork the orc.
Blork the orc is almost dead.
Blork the orc hits you with a +1 glaive of distortion!
You blink.
Blork the orc points at you and mumbles some strange words.
The puff of flame hits you!
Blork the orc hits you from afar with a +1 glaive of distortion!
* * * LOW HITPOINT WARNING * * *
You blink.
Okay, then.
Blork the orc gestures at you while chanting.
The magic dart hits you!
You die...

...# #..# #..# ..#
##..## #.#..
#..#####..
#.@.......
#.######... #.# ..
#.# ####.# ###
########.###....#
#..
..........#.....##
# #.#
########..#......
# #.# #.o.#o..#
####.#######
#.#.#.).#


You could see Blork the orc.

Vanquished Creatures
  A scorpion (D:5)
  An orc priest (D:5)
  3 orc wizards
  3 worker ants
  A killer bee zombie (D:5)
  A worker ant zombie (D:5)
  8 adders
  A dart slug (D:1)
  3 leopard geckos
  6 orcs
  6 bats
  3 giant cockroaches
  5 goblins
  7 hobgoblins
  7 jackals
  A ball python (D:4)
  5 frilled lizards
  3 kobolds
  6 rats
71 creatures vanquished.

Notes
Turn   | Place    | Note
-------+----------+-------------------------------------------
     0 | Abyss:1  | Borgoz the Hill Orc Abyssal Knight began the quest for the
                  | Orb.
     0 | Abyss:1  | Reached XP level 1. HP: 19/19 MP: 2/2
    35 | Abyss:1  | Noticed a golden eye
    61 | Abyss:2  | Noticed an apocalypse crab
    63 | D:1      | Escaped the Abyss
   122 | D:1      | Reached skill level 3 in Axes
   156 | D:1      | Reached XP level 2. HP: 19/27 MP: 3/3
   451 | D:1      | Reached * piety under Lugonu
   451 | D:1      | Reached XP level 3. HP: 14/33 MP: 4/4
  1310 | D:2      | Found a sparkling altar of Nemelex Xobeh.
  1311 | D:2      | Found a basalt altar of Yredelemnul.
  1316 | D:2      | Found a snail-covered altar of Cheibriados.
  1401 | D:2      | Found a white marble altar of Elyvilon.
  1549 | D:2      | Reached skill level 4 in Axes
  1549 | D:2      | Reached skill level 1 in Dodging
  1549 | D:2      | Reached XP level 4. HP: 26/41 MP: 1/5
  2328 | D:3      | Reached XP level 5. HP: 20/47 MP: 2/6
  2328 | D:3      | Reached ** piety under Lugonu
  2476 | D:3      | Found a shattered altar of Ashenzari.
  2483 | D:3      | Reached skill level 5 in Axes
  3213 | D:4      | Found a staircase to the Ecumenical Temple.
  3238 | Temple   | Entered the Ecumenical Temple
  3632 | D:4      | Found an ancient bone altar of Kikubaaqudgha.
  3634 | D:4      | Found the amulet of Vitality {Regen+ HP+15}
  4069 | D:4      | Found a glowing golden altar of the Shining One.
  4102 | D:5      | Entered Level 5 of the Dungeon
  4141 | D:5      | Reached XP level 6. HP: 38/55 MP: 4/7
  4219 | D:5      | Reached skill level 5 in Fighting
  4226 | D:5      | Reached skill level 6 in Axes
  4475 | D:5      | Noticed Blork the orc
  4489 | D:5      | Killed from afar by Blork the orc

Vault maps used:
D:1:      saegor_arrival_simple_e, grunt_decor_one_mirror, nrook_mini_backslash
D:2:      marbit_many_paths, grunt_temple_overflow_open,
          minmay_tree_intersection
D:3:      evilmike_ruin_ashenzari
D:4:      old_standard_altar, minmay_temple_entry_mini_moons, hex_large,
          st_stairs_7, tso_altar
D:5:      first_ration, chequers_serial_rivers_small_b, amethyst_killhole,
          uniq_blork_the_orc
Temple:   oiseaux_autumnal_temple

Skill      XL: |  1  2  3  4  5  6 |
---------------+-------------------+-----
Axes           | 3 4 5 6 |  6.5
Fighting       | 4 5 |  5.2
Dodging        | 1 |  1.7
Armour         | 3 4 |  4.1
Invocations    | |  2.5

Action                   |  1- 3 |  4- 6 || total
-------------------------+-------+-------++-------
Melee: Hand axe          |   120 |   159 ||   279
       War axe           |       |    20 ||    20
Invok: Depart the Abyss  |     1 |       ||     1
  Use: Scroll            |     2 |       ||     2
  Eat: Chunk             |     2 |    10 ||    12
Armor: Leather armour    |    36 |    43 ||    79
Dodge: Dodged            |    79 |   127 ||   206

Table legend:
 A = Non-vault XP
 B = Vault XP
 C = Vault XP percentage of total XP
 D = Non-vault monster count
 E = Vault monster count
 F = Vault count percentage of total count
                 A         B        C        D         E       F
            +---------+---------+-------+---------+---------+-------
      Total |     582 |       3 |   0.5 |      69 |       2 |   2.8
            +---------+---------+-------+---------+---------+-------
        D:1 |      33 |       0 |   0.0 |      18 |       0 |   0.0
        D:2 |      88 |       2 |   2.2 |      18 |       1 |   5.3
        D:3 |     101 |       0 |   0.0 |      16 |       0 |   0.0
        D:4 |      77 |       1 |   1.3 |       7 |       1 |  12.5
        D:5 |     283 |       0 |   0.0 |      10 |       0 |   0.0
            +---------+---------+-------+---------+---------+-------
